 Dungeon Sprint DCSS version 0.26-a0-504-g0cf647090d (webtiles) character file.

Game seed: 17156401500009071725

34717 DieBirke the Imperceptible (level 14, -1/104 HPs)
             Began as a Kobold Berserker on Aug 8, 2020.
             Was the Champion of Trog.
             Hit by a javelin thrown by a merfolk javelineer (6 damage)
             ... in the Dungeon (Sprint IX: "|||||||||||||||||||||||||||||").
             The game lasted 00:09:19 (2277 turns).

DieBirke the Imperceptible (Kobold Berserker)       Turns: 2277, Time: 00:09:20

Health: -1/104     AC: 14    Str: 16    XL:     14   Next: 14%
Magic:  14/14      EV: 32    Int:  9    God:    Trog [******]
Gold:   1056       SH:  0    Dex: 25    Spells: 13/13 levels left

rFire    . . .     SeeInvis .   J - +6 rapier "Haojij" {drain, Str+2}
rCold    . . .     Faith    .   (shield restricted)
rNeg     . . .     Spirit   .   a - +0 troll leather armour
rPois    +         Reflect  .   m - +0 helmet
rElec    .         Harm     .   K - +1 cloak
rCorr    .         NoTele   +   L - +1 pair of gloves
MR       +....                  M - +1 pair of boots
Stlth    ++++++++++             (no amulet)
HPRegen  0.67/turn              I - ring of poison resistance
MPRegen  0.14/turn              E - +6 ring of dexterity

@: berserk cooldown, slowed, very slow
A: small, nightstalker 3
a: Berserk, Trog's Hand, Brothers in Arms, Renounce Religion


You were in the Dungeon.
You worshipped Trog.
Trog was exalted by your worship.
You visited 1 branch You collected 1921 gold pieces.
You spent 865 gold pieces at shops.

Inventory:

Hand Weapons
 b - a +3 short sword of flaming
 l - a +2 rapier of electrocution
 o - the +2 short sword of Rationality {vorpal, Dex+3 Stlth+}
   (Trog gifted it to you in the Dungeon)

   It inflicts extra damage upon your enemies.
   It affects your dexterity (+3).
   It makes you more stealthy.
 x - a +4 antimagic short sword
 y - a +4 vorpal rapier
 z - a +5 vorpal quick blade
 B - a +2 antimagic short sword
 C - a +3 short sword of flaming
 J - the +6 rapier "Haojij" (weapon) {drain, Str+2}
   (You found it in the Dungeon)

   A truly terrible weapon, it drains the life of those it strikes.
   It affects your strength (+2).
Armour
 a - a +0 troll leather armour (worn)
 m - a +0 helmet (worn)
 n - a +0 pair of gloves
 A - a +0 pair of boots
 K - a +1 cloak (worn)
 L - a +1 pair of gloves (worn)
 M - a +1 pair of boots (worn)
Jewellery
 p - a +2 ring of evasion
 q - a +2 ring of evasion
 E - a +6 ring of dexterity (right hand)
 G - an uncursed ring of protection from cold
 H - an uncursed ring of fire
 I - a ring of poison resistance (left hand)
Wands
 k - a wand of iceblast (10)
 F - a wand of enslavement (8)
Scrolls
 h - 4 scrolls of blinking
 j - 5 scrolls of remove curse
 v - 6 scrolls of enchant weapon
 w - a scroll of identify
 D - 4 scrolls of enchant armour
Potions
 c - 8 potions of curing
 d - 6 potions of heal wounds
 e - 2 potions of haste
 f - 4 potions of magic
 g - a potion of berserk rage
 i - a potion of invisibility
 r - 2 potions of brilliance
 s - 2 potions of stabbing
 t - a potion of flight
Miscellaneous
 u - a tin of tremorstones (3/3)


   Skills:
 + Level 18.2 Fighting
 + Level 21.2 Short Blades
 + Level 8.5 Armour
 + Level 16.0 Dodging
 + Level 26.6 Stealth


You had 13 spell levels left.
You didn't know any spells.
Your spell library was empty.

Dungeon Overview and Level Annotations

Branches:
Dungeon (1/1)

Altars:
Cheibriados
Dithmenos
Elyvilon
Fedhas
Gozag
Hepliaklqana
Kikubaaqudgha
Makhleb
Nemelex Xobeh
Okawaru
Qazlal
Ru
Sif Muna
Trog
Uskayaw
Vehumet
Wu Jian
Xom
Yredelemnul
Zin
The Shining One
Beogh
Jiyva
Lugonu

Shops:
D [=?*


Innate Abilities, Weirdness & Mutations

You are small and have problems with some larger weapons.
You are completely attuned to the shadows.


Message History

The javelin pierces through you!
* * * LOW HITPOINT WARNING * * *
You impale the merfolk javelineer!!
The merfolk javelineer is heavily wounded.
The merfolk javelineer throws a javelin.
The javelin pierces through you!
* * * LOW HITPOINT WARNING * * *
You hit the merfolk javelineer. You drain the merfolk javelineer.
The merfolk javelineer is heavily wounded.
The merfolk javelineer throws a javelin.
The javelin pierces through you!
* * * LOW HITPOINT WARNING * * *
You hit the merfolk javelineer but do no damage.
You drain the merfolk javelineer.
The merfolk javelineer is heavily wounded.
You puncture the merfolk javelineer!
The merfolk javelineer is severely wounded.
The merfolk javelineer throws a javelin.
The javelin pierces through you.
You die...

▓▓▓▓▓▓▓▓▓▓▓▓▓▓▓▓▓▓▓▓▓
+..m@)((..'.††)..)))'
▓▓▓▓▓▓▓▓▓▓▓▓▓▓▓▓▓▓▓▓▓▓▓▓▓▓▓▓▓▓▓▓▓
.................................
▓▓▓▓▓▓▓▓▓▓▓▓▓▓▓▓▓▓▓▓▓▓▓▓▓▓▓▓▓▓▓▓▓
....))())(.)(..'.....[)...[...[[[
▓▓▓▓▓▓▓▓▓▓▓▓▓▓▓▓▓▓▓▓▓▓▓▓▓▓▓▓▓▓▓▓▓
........................)........
▓▓▓▓▓▓▓▓▓▓▓▓▓▓▓▓▓▓▓▓▓▓▓▓▓▓▓▓▓▓▓▓▓
.))).∩.∩.∩)∩.)))))...))).)))))'.)


You could see a merfolk javelineer (drained).

Vanquished Creatures
  A stone giant (D)
  A merfolk impaler (D)
  Josephine (D)
  A rakshasa (D)
  A ghost crab (D)
  A naga warrior (D)
  4 hydras (D)
  An alligator snapping turtle (D)
  2 two-headed ogres (D)
  A centaur warrior (D)
  2 alligators (D)
  A merfolk aquamancer (D)
  A death yak (D)
  2 naga sharpshooters (D)
  Urug (D)
  9 orc high priests (D)
  A sea snake (D)
  2 shock serpents (D)
  Sonja (D)
  2 orc knights (D)
  A harpy (D)
  A necromancer (D)
  A cyclops (D)
  A manticore (D)
  An elephant (D)
  A naga mage (D)
  3 black mambas (D)
  3 cane toads (D)
  A water nymph (D)
  2 yaktaurs (D)
  A rime drake (D)
  2 komodo dragons (D)
  3 trolls (D)
  4 polar bears (D)
  A slime creature (D)
  A hippogriff (D)
  A yak (D)
  3 wraiths (D)
  A basilisk (D)
  A water moccasin (D)
  6 orc warriors (D)
  2 porcupines (D)
  A phantom (D)
  4 black bears (D)
  A centaur (D)
  6 bullfrogs (D)
  A killer bee (D)
  A hound (D)
  2 orc wizards (D)
  2 orc priests (D)
  2 iguanas (D)
  An ufetubus (D)
  10 orcs (D)
  3 giant cockroaches (D)
  A goblin (D)
  A hobgoblin (D)
  A ball python skeleton (D)
  A bat simulacrum (D)
  2 frilled lizards (D)
  A giant cockroach zombie (D)
  A kobold (D)
  A leopard gecko zombie (D)
120 creatures vanquished.

Vanquished Creatures (collateral kills)
  A great orb of eyes (D)
  An ogre mage (D)
  2 orc high priests (D)
  4 orc knights (D)
  An orc sorcerer (D)
  An orc warrior (D)
10 creatures vanquished.

Vanquished Creatures (others)
  A spriggan druid (D)
  2 cane toads (D)
3 creatures vanquished.

Grand Total: 133 creatures vanquished

Notes
Turn   | Place    | Note
-------+----------+-------------------------------------------
     0 | D        | DieBirke the Kobold Berserker began the quest for the Orb.
     0 | D        | Reached XP level 1. HP: 14/14 MP: 1/1
    13 | D        | Reached skill level 1 in Stealth
    17 | D        | Reached ** piety under Trog
    25 | D        | Reached skill level 2 in Stealth
    25 | D        | Reached XP level 2. HP: 15/20 MP: 2/2
   103 | D        | Noticed a centaur
   108 | D        | Killed a centaur
   108 | D        | Reached skill level 5 in Fighting
   108 | D        | Reached skill level 5 in Stealth
   108 | D        | Reached XP level 3. HP: 27/27 MP: 3/3
   108 | D        | Reached XP level 4. HP: 32/32 MP: 4/4
   109 | D        | Reached *** piety under Trog
   144 | D        | Found a roughly hewn altar of Beogh.
   144 | D        | Found a snail-covered altar of Cheibriados.
   144 | D        | Found a shadowy altar of Dithmenos.
   145 | D        | Found a white marble altar of Elyvilon.
   146 | D        | Found a blossoming altar of Fedhas.
   147 | D        | Found an opulent altar of Gozag.
   148 | D        | Found a hazy altar of Hepliaklqana.
   149 | D        | Found a viscous altar of Jiyva.
   150 | D        | Found an ancient bone altar of Kikubaaqudgha.
   151 | D        | Found a corrupted altar of Lugonu.
   152 | D        | Found a burning altar of Makhleb.
   153 | D        | Found a sparkling altar of Nemelex Xobeh.
   154 | D        | Found an iron altar of Okawaru.
   155 | D        | Found a stormy altar of Qazlal.
   156 | D        | Found a sacrificial altar of Ru.
   157 | D        | Found a shimmering blue altar of Sif Muna.
   158 | D        | Found a bloodstained altar of Trog.
   159 | D        | Found a hide-covered altar of Uskayaw.
   160 | D        | Found a radiant altar of Vehumet.
   161 | D        | Found an ornate altar of the Wu Jian Council.
   162 | D        | Found a shimmering altar of Xom.
   163 | D        | Found a basalt altar of Yredelemnul.
   164 | D        | Found a glowing silver altar of Zin.
   165 | D        | Found a glowing golden altar of the Shining One.
   172 | D        | Found the +13 scythe of Curses {drain, *Curse}
   215 | D        | Noticed a phantom
   218 | D        | Reached **** piety under Trog
   218 | D        | Reached XP level 5. HP: 36/36 MP: 5/5
   224 | D        | Noticed a troll
   228 | D        | Reached skill level 5 in Dodging
   228 | D        | Reached skill level 6 in Stealth
   230 | D        | Killed a phantom
   230 | D        | Reached skill level 7 in Stealth
   230 | D        | Reached XP level 6. HP: 38/44 MP: 6/6
   233 | D        | Reached skill level 10 in Short Blades
   238 | D        | Killed a troll
   238 | D        | Reached ***** piety under Trog
   238 | D        | Reached skill level 9 in Stealth
   238 | D        | Reached XP level 7. HP: 40/50 MP: 7/7
   381 | D        | Noticed a two-headed ogre
   382 | D        | Noticed a yak
   384 | D        | Noticed a two-headed ogre
   385 | D        | Killed a two-headed ogre
   385 | D        | Reached skill level 10 in Fighting
   385 | D        | Reached skill level 11 in Stealth
   385 | D        | Reached XP level 8. HP: 58/58 MP: 8/8
   386 | D        | Noticed a troll
   394 | D        | Killed a yak
   394 | D        | Received a gift from Trog
   400 | D        | Killed a two-headed ogre
   400 | D        | Reached skill level 12 in Stealth
   400 | D        | Reached XP level 9. HP: 64/64 MP: 9/9
   408 | D        | Killed a troll
   408 | D        | Reached skill level 15 in Short Blades
   408 | D        | Reached skill level 10 in Dodging
   408 | D        | Reached skill level 13 in Stealth
   534 | D        | Noticed a hippogriff
   535 | D        | Noticed a cane toad
   536 | D        | Killed a hippogriff
   539 | D        | Noticed an eight-headed hydra
   542 | D        | Killed a cane toad
   542 | D        | Reached skill level 5 in Armour
   542 | D        | Reached skill level 14 in Stealth
   542 | D        | Reached XP level 10. HP: 71/71 MP: 10/10
   543 | D        | Noticed a cane toad
   544 | D        | Received a gift from Trog
   546 | D        | Killed an eight-headed hydra
   546 | D        | Reached ****** piety under Trog
   546 | D        | Reached skill level 15 in Stealth
   554 | D        | Killed a cane toad
   554 | D        | Reached skill level 16 in Stealth
   571 | D        | Noticed a komodo dragon
   571 | D        | Noticed a rime drake
   571 | D        | Noticed a death yak
   578 | D        | Killed a rime drake
   580 | D        | Noticed an elephant
   581 | D        | Noticed a six-headed hydra
   586 | D        | Killed a death yak
   586 | D        | Reached skill level 17 in Stealth
   589 | D        | Noticed a komodo dragon
   593 | D        | Killed a komodo dragon
   593 | D        | Received a gift from Trog
   598 | D        | Killed an elephant
   598 | D        | Reached skill level 18 in Stealth
   598 | D        | Reached XP level 11. HP: 50/76 MP: 11/11
   603 | D        | Killed a six-headed hydra
   622 | D        | Reached skill level 19 in Stealth
   714 | D        | Received a gift from Trog
   724 | D        | Reached skill level 20 in Stealth
   792 | D        | Noticed Josephine
   823 | D        | Killed Josephine
   823 | D        | Received a gift from Trog
   841 | D        | Reached skill level 21 in Stealth
   927 | D        | Noticed an orc high priest
   930 | D        | Received a gift from Trog
   938 | D        | Noticed a sixfirhy
   961 | D        | Killed an orc high priest
   975 | D        | Received a gift from Trog
   980 | D        | Got a steaming short sword {god gift}
  1006 | D        | Identified the +2 short sword of Rationality {vorpal, Dex+3
                  | Stlth+} (Trog gifted it to you in the Dungeon)
  1088 | D        | Noticed an orc knight
  1090 | D        | Killed an orc knight
  1118 | D        | Noticed an orc high priest
  1119 | D        | Noticed an orc knight
  1122 | D        | Reached skill level 22 in Stealth
  1128 | D        | Noticed an orc sorcerer
  1132 | D        | Killed an orc high priest
  1132 | D        | Received a gift from Trog
  1132 | D        | Reached XP level 12. HP: 72/84 MP: 12/12
  1170 | D        | Noticed an orc high priest
  1170 | D        | Noticed an orc high priest
  1176 | D        | Noticed an orc high priest
  1180 | D        | Killed an orc high priest
  1184 | D        | Killed an orc high priest
  1196 | D        | Reached skill level 23 in Stealth
  1197 | D        | Found Ziet Sil's General Store.
  1205 | D        | Killed an orc high priest
  1211 | D        | Noticed an orc high priest
  1219 | D        | Received a gift from Trog
  1221 | D        | Killed an orc high priest
  1222 | D        | Noticed an orc high priest
  1226 | D        | Killed an orc high priest
  1232 | D        | Noticed an orc high priest
  1235 | D        | Found Zexasset's Magic Scroll Shop.
  1237 | D        | Found Wousaloo's Jewellery Boutique.
  1245 | D        | Killed an orc high priest
  1248 | D        | Found Bidet's Antique Armour Shop.
  1251 | D        | Noticed an orc high priest
  1252 | D        | Noticed an orc high priest
  1253 | D        | Noticed an orc high priest
  1262 | D        | Killed an orc high priest
  1262 | D        | Reached skill level 24 in Stealth
  1264 | D        | Noticed a sun demon
  1268 | D        | Killed an orc high priest
  1273 | D        | Killed an orc high priest
  1273 | D        | Received a gift from Trog
  1273 | D        | Reached skill level 15 in Fighting
  1321 | D        | Bought 2 potions of heal wounds for 100 gold pieces
  1321 | D        | Bought a scroll of enchant armour for 75 gold pieces
  1331 | D        | Bought a scroll of enchant armour for 105 gold pieces
  1337 | D        | Bought a +6 ring of dexterity for 585 gold pieces
  1450 | D        | Noticed Urug
  1482 | D        | Killed Urug
  1554 | D        | Noticed Sonja
  1563 | D        | Killed Sonja
  1599 | D        | Got the +6 rapier "Haojij" {drain, Str+2}
  1690 | D        | Reached XP level 13. HP: 92/92 MP: 13/13
  1693 | D        | Noticed a five-headed hydra
  1697 | D        | Noticed a rakshasa
  1703 | D        | Killed a five-headed hydra
  1703 | D        | Received a gift from Trog
  1712 | D        | Killed a rakshasa
  1713 | D        | Noticed a stone giant
  1716 | D        | Noticed a centaur warrior
  1728 | D        | Killed a stone giant
  1728 | D        | Received a gift from Trog
  1729 | D        | Noticed a great orb of eyes
  1732 | D        | Killed a centaur warrior
  1737 | D        | Reached skill level 25 in Stealth
  1743 | D        | Killed a great orb of eyes
  2013 | D        | Noticed a ghost crab
  2038 | D        | Killed a ghost crab
  2069 | D        | Noticed a seven-headed hydra
  2099 | D        | Killed a seven-headed hydra
  2099 | D        | Received a gift from Trog
  2192 | D        | Noticed a naga warrior
  2196 | D        | Reached skill level 15 in Dodging
  2198 | D        | Killed a naga warrior
  2198 | D        | Received a gift from Trog
  2214 | D        | Reached skill level 26 in Stealth
  2222 | D        | Noticed a merfolk impaler
  2228 | D        | Noticed an alligator snapping turtle
  2232 | D        | Reached XP level 14. HP: 103/103 MP: 14/14
  2235 | D        | Received a gift from Trog
  2275 | D        | HP: 4/104 [merfolk javelineer/javelin (10)]
  2277 | D        | Hit by a javelin thrown by a merfolk javelineer

Illustrated notes

Levels and vault maps discovered:
D:        linesprint [early_d, line_temple, items_1, d_10, items_2, lair_1,
          lair_end, items_3, orc_1, orc_end, items_4, d_15, swamp_1, shoals_1,
          snake_1, spider_1, d_20, vaults_1, items_5, swamp_end, shoals_end,
          snake_end, spider_end, vaults_end, d_27, items_6, zot_1, zot_end,
          crypt_end, forest_end, elf_end, slime_end, tomb_end, abyss_end,
          pan_hell_end]

Skill      XL: |  1  2  3  4  5  6  7  8  9 10 11 12 13 14 |
---------------+-------------------------------------------+-----
Stealth        | 2 5 7 9 11 12 14 18 22 24 26 | 26.6
Fighting       | 5 6 7 8 10 11 12 13 15 17 18 | 18.2
Short Blades   | 7 9 11 13 14 16 17 18 19 20 21 | 21.2
Armour         | 2 3 4 5 6 7 8 |  8.5
Dodging        | 4 6 7 8 9 10 11 12 13 15 16 | 16.0

Action                   |  1- 3 |  4- 6 |  7- 9 | 10-12 | 13-15 || total
-------------------------+-------+-------+-------+-------+-------++-------
Melee: Short sword       |    24 |     4 |       |       |       ||    28
       Rapier            |       |    20 |    30 |   148 |   153 ||   351
       Dagger            |       |       |       |    10 |       ||    10
       Quick blade       |       |       |       |   127 |       ||   127
Invok: Berserk           |     1 |     1 |     1 |     5 |     3 ||    11
       Brothers in Arms  |       |       |       |     2 |     1 ||     3
       Trog's Hand       |       |       |       |       |     1 ||     1
  Use: Potion            |       |       |       |       |     2 ||     2
 Stab: Sleeping          |     1 |       |     6 |    18 |    12 ||    37
       Distracted        |       |       |       |       |     1 ||     1
Armor: Animal skin       |     3 |       |       |       |       ||     3
       Ring mail         |       |     6 |       |       |       ||     6
       Troll leather arm |       |       |     1 |    12 |    20 ||    33
Dodge: Dodged            |    14 |    12 |    13 |   113 |   119 ||   271

Table legend: (Time is in decaauts)
 A = Elapsed time spent in this place.
 B = Non-inter-level travel time spent in this place.
 C = Inter-level travel time spent in this place.
 D = Time resting spent in this place.
 E = Time spent auto-exploring this place.
 F = Levels seen in this place.
 G = Mean time per level.
                   A        B        C        D        E       F      G
               +--------+--------+--------+--------+--------+-----+--------+
         Total |   2074 |   2074 |      0 |    672 |    496 |   1 | 2074.0 |
       Dungeon |   2074 |   2074 |      0 |    672 |    496 |   1 | 2074.0 |
               +--------+--------+--------+--------+--------+-----+--------+

Top non-repeatable levels by time:
       D: 2074 daAuts
